 Seeded DCSS version 0.31-a0-496-g6f97920a28 (webtiles) character file.

Game seed: 7415222406553760909 (custom seed)

326 innerfire43 the Changeling (level 6, 0/47 HPs)
             Began as a Demonspawn Monk on Aug 8, 2023.
             Was a Priest of Uskayaw.
             Slain by a dart slug (3 damage)
             ... on level 4 of the Dungeon.
             The game lasted 00:03:53 (2390 turns).

innerfire43 the Changeling (Demonspawn Monk)        Turns: 2390, Time: 00:03:54

Health: 0/47       AC:  5    Str: 13    XL:     6   Next: 24%
Magic:  6/6        EV: 13    Int: 12    God:    Uskayaw [***...]
Gold:   226        SH:  0    Dex: 15    Spells: 5/5 levels left

rFire   . .          .
                       - Unarmed
rCold   + . .        c - orb {light}
rNeg    . . .        o - +1 robe {rC+}
rPois   .            s - +0 helmet
rElec   .            l - +2 cloak
rCorr   .            r - +1 pair of gloves
SInv    .            (no boots)
Will    .....        (no amulet)
Stlth   +            (no ring)
HPRegen 0.27/turn    (no ring)
MPRegen 0.10/turn

%: no passive effects
@: corroded, glowing
A: spiny 2
a: Renounce Religion, Stomp, Line Pass


You were on level 4 of the Dungeon.
You worshipped Uskayaw.
Uskayaw was noncommittal.
You visited 1 branch of the dungeon, and saw 4 of its levels.

You collected 226 gold pieces.

Inventory:

Armour
 a - a +0 robe
 c - an orb of light (worn)
 l - a +2 cloak (worn)
 o - a +1 robe of cold resistance (worn)
 r - a +1 pair of gloves (worn)
 s - a +0 helmet (worn)
Jewellery
 d - a ring of wizardry
 f - a ring of positive energy
 k - a ring of wizardry
 q - a ring of poison resistance
Talismans
 h - a flux talisman
Scrolls
 g - 2 scrolls of teleportation {unknown}
 i - 6 scrolls of identify {unknown}
 m - 2 scrolls of fog {unknown}
 n - a scroll of poison {unknown}
 t - 2 scrolls of fear {unknown}
 u - a scroll of noise {unknown}
Potions
 e - a potion of curing
 j - a potion of lignification {unknown}
 p - a potion of mutation {unknown}
 v - a potion of enlightenment {unknown}
 w - a potion of heal wounds {unknown}
 x - a potion of brilliance {unknown}


   Skills:
 - Level 3.0 Fighting
 - Level 3.0 Dodging
 - Level 3.0 Unarmed Combat
 * Level 4.4 Shapeshifting


You had 5 spell levels left.
You didn't know any spells.
Your spell library was empty.

Dungeon Overview and Level Annotations

Branches:
Dungeon (4/15)
 Temple: D:4-7

Altars:
Dithmenos
Nemelex Xobeh
Qazlal
Uskayaw
Yredelemnul

Shops:
D:1 ?


Innate Abilities, Weirdness & Mutations

You are mostly covered in sharp spines.


Message History

Unknown command.
You hit the jelly.
Your hands burn!
The jelly is heavily wounded.
The hound is struck by your spines. The hound bites you.
The orc hits you with a +0 club. The jelly is struck by your spines.
The jelly hits you. The acid corrodes you!
You are splashed with acid!
You can now pass through a line of other dancers.
You hit the jelly.
Your hands burn!
* * * LOW HITPOINT WARNING * * *
The jelly is almost dead.
The hound stops to sniff the ground.
The hound bites you but does no damage. The orc is struck by your spines.
The orc hits you with a +0 club.
* * * LOW HITPOINT WARNING * * *
The jelly hits you but does no damage. The hound closely misses you.
You hit the jelly but do no damage.
Your hands burn!
* * * LOW HITPOINT WARNING * * *
The jelly is almost dead.
The hound misses you.
Unknown command.
It was a potion of curing.
You feel better. The orc is struck by your spines.
You kill the orc!
The jelly misses you. The hound is struck by your spines.
The hound completely misses you. The dart slug is struck by your spines.
The dart slug closely misses you.
Uskayaw will force your foes to helplessly watch your dance.
Uskayaw prepares the audience for your solo!
The helpless jelly fails to defend itself.
You hit the jelly.
Your hands burn!
* * * LOW HITPOINT WARNING * * *
The jelly is almost dead.
The hound is no longer paralysed.
The jelly is no longer paralysed.
The dart slug is no longer paralysed.
The hound is struck by your spines.
You kill the hound!
The jelly hits you.
* * * LOW HITPOINT WARNING * * *
You are splashed with acid.
* * * LOW HITPOINT WARNING * * *
The dart slug is struck by your spines. The dart slug bites you.
You die...

..?......#
.........#
.........#
.........#
.........#
.........#
#....Jw#
#....@.#
#...).<#
#......#
#......#
#......#
#......#
#......#
#..>...#
###+####


You could see a jelly and a dart slug.

Vanquished Creatures
  An ice beast (D:3)
  A bullfrog (D:3)
  A hound (D:4)
  An iguana (D:3)
  Robin (D:2)
  4 adders
  A shadow imp (D:3)
  2 worms
  A dart slug (D:2)
  An orc (D:4)
  4 bats
  2 endoplasms
  2 giant cockroaches (D:1)
  16 goblins
  7 hobgoblins
  12 jackals
  5 kobolds
  7 quokkas
  5 ball pythons
  4 frilled lizards
  4 rats
82 creatures vanquished.

Notes
Turn   | Place    | Note
-------+----------+-------------------------------------------
     0 | D:1      | innerfire43 the Demonspawn Monk began the quest for the
                  | Orb.
     0 | D:1      | Reached XP level 1. HP: 18/18 MP: 1/1
   100 | D:1      | Gained mutation: You are partially covered in sharp spines.
                  | [demonic ancestry]
   100 | D:1      | Reached XP level 2. HP: 11/24 MP: 2/2
   158 | D:1      | Reached skill level 1 in Shapeshifting
   354 | D:1      | Reached XP level 3. HP: 28/29 MP: 3/3
   565 | D:1      | Found Onoqawk's Magic Scroll Emporium.
  1146 | D:2      | Noticed Robin
  1160 | D:2      | Reached skill level 2 in Shapeshifting
  1184 | D:2      | Killed Robin
  1185 | D:2      | Reached XP level 4. HP: 16/35 MP: 4/4
  1660 | D:3      | Found a hide-covered altar of Uskayaw.
  1665 | D:3      | Noticed a bullfrog
  1667 | D:3      | Found a stormy altar of Qazlal.
  1672 | D:3      | Found a transporter.
  1673 | D:3      | Found a basalt altar of Yredelemnul.
  1673 | D:3      | Noticed an ice beast
  1678 | D:3      | Found a transporter.
  1727 | D:3      | Found a shadowy altar of Dithmenos.
  1802 | D:3      | Found a sparkling altar of Nemelex Xobeh.
  2109 | D:3      | Reached skill level 3 in Shapeshifting
  2182 | D:3      | Reached XP level 5. HP: 41/41 MP: 5/5
  2320 | D:3      | Killed an ice beast
  2321 | D:3      | Reached skill level 4 in Shapeshifting
  2321 | D:3      | Gained mutation: You are mostly covered in sharp spines.
                  | [demonic ancestry]
  2321 | D:3      | Reached XP level 6. HP: 35/47 MP: 6/6
  2357 | D:3      | Became a worshipper of Uskayaw the Reveller
  2357 | D:3      | Reached * piety under Uskayaw
  2386 | D:4      | Reached ** piety under Uskayaw
  2389 | D:4      | Reached *** piety under Uskayaw
  2390 | D:4      | Slain by a dart slug

Illustrated notes

Levels and vault maps discovered:
D:1:      spicycebolla_green_bress_n_ham_2, layout_rooms, serial_shops, shop,
          minmay_misc_feat_hallway
D:2:      layout_basic, uniq_robin
D:3:      minmay_evil_eye, layout_basic,
          mainiacjoe_overflow_concentric_impassable, lemuel_tele_altar,
          gammafunk_temple_overflow_arena, nemelex_altar_shiori,
          kennysheep_generic_room_6
D:4:      layout_gridville, serial_shops, nicolae_shop_bloodbath_and_beyond,
          minmay_statues_item

Skill      XL: |  1  2  3  4  5 |
---------------+----------------+-----
Shapeshifting  | 1 2 3 4 |  4.4
Dodging        | 3 |  3.0
Unarmed Combat | 3 |  3.0
Fighting       | |  3.0

Action                     |  1- 3 |  4- 6 || total
---------------------------+-------+-------++-------
  Melee: Unarmed           |   105 |    82 ||   187
    Use: Potion            |       |     2 ||     2
   Stab: Paralysed         |       |     1 ||     1
 Armour: Robe              |    29 |    33 ||    62
  Dodge: Dodged            |    96 |    77 ||   173

Table legend: (Time is in decaauts)
 A = Elapsed time spent in this place.
 B = Non-inter-level travel time spent in this place.
 C = Inter-level travel time spent in this place.
 D = Time resting spent in this place.
 E = Time spent auto-exploring this place.
 F = Levels seen in this place.
 G = Mean time per level.
                   A        B        C        D        E       F      G
               +--------+--------+--------+--------+--------+-----+--------+
         Total |   2381 |   2223 |    158 |      0 |   1669 |   4 |  595.2 |
       Dungeon |   2381 |   2223 |    158 |      0 |   1669 |   4 |  595.2 |
               +--------+--------+--------+--------+--------+-----+--------+

Top non-repeatable levels by time:
     D:2: 999 daAuts
     D:3: 730 daAuts
     D:1: 642 daAuts
     D:4: 8 daAuts
